 Dungeon Crawl Stone Soup version 0.21-a0-552-g593960d (webtiles) character file.

172 Bluekicks the Magician (level 5, 0/38 HPs)
             Began as a Draconian Wizard on Dec 17, 2017.
             Was a Follower of Vehumet.
             Slain by a killer bee (5 damage)
             ... on level 4 of the Dungeon.
             The game lasted 00:58:32 (3563 turns).

Bluekicks the Magician (Draconian Wizard)           Turns: 3563, Time: 00:58:32

Health: 0/38       AC:  5    Str: 15    XL:     5   Next: 27%
Magic:  1/10       EV: 13    Int: 19    God:    Vehumet [*.....]
Gold:   81         SH:  0    Dex: 12    Spells: 2/11 levels left

rFire    . . .     SeeInvis +   e - +3 trident (venom)
rCold    . . .     Gourm    .   (no shield)
rNeg     . . .     Faith    .   (armour unavailable)
rPois    .         Spirit   .   a - +0 hat
rElec    .         Reflect  .   (no cloak)
rCorr    .         Harm     .   (no gloves)
MR       .....                  (no boots)
Stlth    ++........             (no amulet)
HPRegen  0.12/turn              k - ring of see invisible
MPRegen  0.12/turn              y - +3 ring of dexterity

@: mighty, very slightly contaminated, hasted, very quick
A: unfitting armour, cold-blooded, AC +5
a: Renounce Religion


You were on level 4 of the Dungeon.
You worshipped Vehumet.
Vehumet was aware of your devotion.
You were not hungry.

You visited 1 branch of the dungeon, and saw 4 of its levels.

You collected 81 gold pieces.

Inventory:

Hand Weapons
 e - a +3 trident of venom (weapon)
 g - a +0 dagger
 n - a +2 dagger of freezing
 o - a +0 mace
 q - a +1 mace of pain
 s - a +0 short sword of protection
Missiles
 d - 161 stones (quivered)
 t - 33 poisoned needles
Armour
 a - a +0 hat (worn)
Jewellery
 k - a ring of see invisible (left hand)
 y - a +3 ring of dexterity (right hand)
Wands
 v - a wand of polymorph (14)
Scrolls
 w - a scroll of amnesia
 x - a scroll of identify
Potions
 h - 2 potions of might
 i - 2 potions of lignification
 j - a potion of heal wounds {unknown}
 p - a potion of agility {unknown}
 r - a potion of invisibility {unknown}
Books
 b - a book of Minor Magic

   Spells                             Type                      Level
   a - Magic Dart                     Conjuration                  1
   b - Blink                          Translocation                2
   c - Call Imp                       Summoning                    2
   d - Slow                           Hexes                        2
   e - Conjure Flame                  Conjuration/Fire             3
   f - Mephitic Cloud                 Conjuration/Poison/Air       3
Comestibles
 c - 3 bread rations
 m - a meat ration
 u - a chunk of flesh


   Skills:
 + Level 2.9 Dodging
 + Level 2.9 Stealth
 + Level 3.7 Spellcasting
 + Level 2.4 Conjurations
 - Level 1.0 Summonings
   Level 1.0 Translocations
 + Level 1.2 Fire Magic


You had 2 spell levels left.
You knew the following spells:

 Your Spells              Type           Power        Failure   Level  Hunger
a - Magic Dart            Conj           ##..         5%          1    None
b - Call Imp              Summ           #.......     14%         2    ##.....
c - Slow                  Hex            #.......     22%         2    ##.....
d - Conjure Flame         Conj/Fire      ##......     21%         3    ###....
e - Shock                 Conj/Air       #...         9%          1    None


Dungeon Overview and Level Annotations

Branches:
Dungeon (4/15)
 Temple: D:4-7

Altars:
Vehumet


Innate Abilities, Weirdness & Mutations

Your plain brown scales are hard. (AC +5)
You cannot fit into any form of body armour.
You are cold-blooded and may be slowed by cold attacks.


Message History

Casting: Slow
Confirm with . or Enter, or press ? or * to list all spells.
Aiming: Slow
Press: ? - help, Shift-Dir - straight line, f - killer bee
Aim: a killer bee (moderately wounded, chance to defeat MR: 45%)
You miscast Slow.
You feel a bit tired.
* * * LOW HITPOINT WARNING * * *
You feel sick. The killer bee closely misses you. The killer bee stings you!
* * * LOW HITPOINT WARNING * * *
You are more poisoned.
The killer bee poisons you!
Your crimson imp hits the killer bee.
You feel better. The killer bee barely misses you. The killer bee misses you.
Your crimson imp blinks!
It was a potion of haste.
You feel yourself speed up. The killer bee closely misses you.
The killer bee barely misses you. The killer bee stings you.
* * * LOW HITPOINT WARNING * * *
The killer bee stings you but does no damage.
The killer bee stings you.
You die...

.#.#.#.#.#.# .#
.#.#.#.#.#..###.#####.
.#.#.#.#.#.#.y.l.......
.#.#.#.#.#.#.l###.#####.
.#.#.#.#.#.#.#.# .#
#.#.#.#.#.#.#.## .....
#.#.#.#.#.#y## .....
#.#.#.#.#y#.###.....
#.#.#.#@#.#.....####
#.#.#.#.#.#....#
#.#.#.#.##....#
.#o#.#.#.#....##### #
.#.#...............#.#
.#.#.#................#
.#.#.#...............#
.#.#.#.#.#.#.#........#
#.#.#.#.#.#.##........#


You could see 3 killer bees, an orc (wandering) and a frilled lizard.

Vanquished Creatures
  2 killer bees (D:4)
  An adder (D:2)
  3 dart slugs
  A leopard gecko (D:1)
  2 orcs
  A giant cockroach (D:4)
  4 goblins
  6 hobgoblins
  3 quokkas
  A ball python (D:1)
  9 bats
  A frilled lizard (D:1)
  3 kobolds
  6 rats
43 creatures vanquished.

Vanquished Creatures (collateral kills)
  2 adders
  An orc (D:4)
  A bat (D:3)
  A goblin (D:2)
  2 hobgoblins (D:3)
  2 kobolds (D:1)
  A quokka (D:4)
10 creatures vanquished.

Grand Total: 53 creatures vanquished

Notes
Turn   | Place    | Note
-------+----------+-------------------------------------------
     0 | D:1      | Bluekicks the Draconian Wizard began the quest for the Orb.
     0 | D:1      | Reached XP level 1. HP: 14/14 MP: 4/4
   439 | D:1      | Reached XP level 2. HP: 11/20 MP: 1/6
   443 | D:1      | Learned a level 2 spell: Call Imp
   446 | D:1      | Learned a level 2 spell: Slow
  1393 | D:2      | Reached XP level 3. HP: 26/26 MP: 3/7
  1602 | D:2      | Learned a level 2 spell: Call Imp
  1606 | D:2      | Learned a level 3 spell: Conjure Flame
  2374 | D:3      | Found a radiant altar of Vehumet.
  2379 | D:3      | Became a worshipper of Vehumet
  2838 | D:3      | Reached XP level 4. HP: 32/33 MP: 7/9
  3311 | D:4      | Reached * piety under Vehumet
  3311 | D:4      | Offered knowledge of Shock by Vehumet.
  3422 | D:4      | Learned a level 1 spell: Shock
  3554 | D:4      | Reached skill level 1 in Fire Magic
  3554 | D:4      | Reached XP level 5. HP: 11/38 MP: 2/10
  3555 | D:4      | HP: 1/38 [killer bee (8)]
  3563 | D:4      | Slain by a killer bee

Vault maps used:
D:1:      dpeg_arrival_castle
D:3:      lemuel_doored_altar, minmay_checkerbox
D:4:      grunt_temple_overflow_champion_of_chaos

Skill      XL: |  1  2  3  4 |
---------------+-------------+-----
Dodging        | 2 |  2.9
Stealth        | 2 |  2.9
Conjurations   | 2 |  2.4
Fire Magic     | 1 |  1.2
Spellcasting   | |  3.7
Summonings     | |  1.0
Translocations | |  1.0

Action                   |  1- 3 |  4- 6 || total
-------------------------+-------+-------++-------
Melee: Unarmed           |    12 |       ||    12
       Club              |    20 |       ||    20
       Tailslap          |     1 |       ||     1
       Trident           |     5 |    10 ||    15
Throw: Stone             |    10 |       ||    10
 Cast: Magic Dart        |    90 |    25 ||   115
       Call Imp          |     9 |     2 ||    11
       Shock             |       |     4 ||     4
       Slow              |       |     1 ||     1
  Use: Scroll            |     8 |     2 ||    10
       Potion            |     1 |     6 ||     7
 Stab: Distracted        |     1 |       ||     1
  Eat: Meat ration       |     1 |       ||     1
       Royal jelly       |     1 |       ||     1
       Chunk             |       |     1 ||     1
Armor: Skin              |    21 |     7 ||    28
Dodge: Dodged            |    45 |    25 ||    70

Table legend:
 A = Spawn XP
 B = Non-spawn XP
 C = Spawn XP percentage of total XP
 D = Spawn monster count
 E = Non-spawn monster count
 F = Spawn count percentage of total count
 G = Total turns spent on level
                    A         B        C        D         E        F      G
               +---------+---------+-------+---------+---------+-------+---------
         Total |       0 |     247 |   0.0 |       0 |      53 |   0.0 |  3563
               +---------+---------+-------+---------+---------+-------+---------
           D:1 |       0 |      37 |   0.0 |       0 |      21 |   0.0 |  1370
           D:2 |       0 |      28 |   0.0 |       0 |       5 |   0.0 |   589
           D:3 |       0 |      40 |   0.0 |       0 |      19 |   0.0 |  1306
           D:4 |       0 |     142 |   0.0 |       0 |       8 |   0.0 |   298
               +---------+---------+-------+---------+---------+-------+---------
